 Dungeon Sprint DCSS version 0.28.0-53-g5a82cb258f (webtiles) character file.

Game seed: 14429129739203008322

1042 Zeld the Fighter (level 8, 1/85 HPs)
             Began as a Minotaur Berserker on June 7, 2022.
             Was a Priest of Trog.
             Quit the game in the Dungeon (Sprint I: "Red Sonja").
             The game lasted 00:00:48 (959 turns).

Zeld the Fighter (Minotaur Berserker)                Turns: 959, Time: 00:00:49

Health: 1/85       AC:  2    Str: 24    XL:     8   Next: 4%
Magic:  7/7        EV: 14    Int:  4    God:    Trog [***...]
Gold:   270        SH:  0    Dex: 10    Spells: 7/7 levels left

rFire   . . .      SeeInvis .   a - +0 hand axe
rCold   . . .      Faith    .   (no shield)
rNeg    . . .      Spirit   .   b - +0 animal skin
rPois   .          Reflect  .   (helmet restricted)
rElec   .          Harm     .   (no cloak)
rCorr   .          Rampage  .   (no gloves)
Will    ++...      NoTele   +   (no boots)
Stlth   +.........              (no amulet)
HPRegen 1.24/turn               (no ring)
MPRegen 0.10/turn               (no ring)

@: lethally poisoned (1 -> -4), strong-willed, on berserk cooldown,
regenerating, slowed, very slow
A: horns 2, retaliatory headbutt
a: Renounce Religion, Berserk, Trog's Hand


You were in the Dungeon.
You worshipped Trog.
Trog was most pleased with you.
You visited 1 branch You collected 270 gold pieces.

Inventory:

Hand Weapons
 a - a +0 hand axe (weapon)
Armour
 b - a +0 animal skin (worn)
Wands
 i - a wand of flame (14)
Scrolls
 h - a scroll of blinking
Potions
 e - a potion of haste
 f - 2 potions of magic
 g - a potion of berserk rage


   Skills:
 * Level 12.7 Fighting
 * Level 12.7 Axes
 + Level 8.9 Armour
 + Level 8.1 Dodging


You had 7 spell levels left.
You didn't know any spells.
Your spell library was empty.

Dungeon Overview and Level Annotations

Branches:
Dungeon (1/1)

Altars:
Makhleb
Xom
Jiyva
Lugonu


Innate Abilities, Weirdness & Mutations

You have a pair of horns on your head.
You reflexively headbutt those who attack you in melee.


Message History

The kobold demonologist hits you with a +1 dagger of venom.
* * * LOW HITPOINT WARNING * * *
You are lethally poisoned!
You feel much better.
You feel very sick.
The kobold demonologist hits you with a +1 dagger of venom.
* * * LOW HITPOINT WARNING * * *
You are more poisoned.
The kobold demonologist hits you with a +1 dagger of venom.
* * * LOW HITPOINT WARNING * * *
You are more poisoned.
You closely miss the kobold demonologist.
You headbutt the kobold demonologist.
The kobold demonologist is almost dead.
* * * LOW HITPOINT WARNING * * *
You feel extremely sick.
The kobold demonologist begins to cast a cantrip, but forgets the words!
Unknown command.
You hit the kobold demonologist. You headbutt the kobold demonologist.
The kobold demonologist is almost dead.
* * * LOW HITPOINT WARNING * * *
You feel very sick.
The kobold demonologist barely misses you.
You furiously retaliate!
You headbutt the kobold demonologist!
You kill the kobold demonologist!
Trog accepts your kill.
Trog appreciates your killing of a magic user.
Your Dodging skill increases to level 8!
You have reached level 8!
You feel agile.
Are you sure you want to abandon this character and quit the game? (Confirm with "yes".)
Okay, then.
Unknown command.
There is a lethal amount of poison in your body!
Okay, then.
Your skin crawls.
You feel strong-willed.
* * * LOW HITPOINT WARNING * * *
You feel very sick.
Are you sure you want to abandon this character and quit the game? (Confirm with "yes".)

####################
)..#.)'..#__#..'@).#
#..'..#..'..'..#)..#
##'#####+#__####...+
#..# #### ##### ####


There were no monsters in sight!

Vanquished Creatures
  2 kobold demonologists (D)
  A slime creature (D)
  Sigmund (D)
  A floating eye (D)
  An ogre (D)
  Ijyb (D)
7 creatures vanquished.

Notes
Turn   | Place    | Note
-------+----------+-------------------------------------------
     0 | D        | Zeld the Minotaur Berserker began the quest for the Orb.
     0 | D        | Reached XP level 1. HP: 19/19 MP: 0/0
     2 | D        | Noticed Ijyb
    12 | D        | Killed Ijyb
    13 | D        | Reached skill level 5 in Fighting
    13 | D        | Reached skill level 5 in Axes
    13 | D        | Reached XP level 2. HP: 6/29 MP: 1/1
   367 | D        | Noticed an ogre
   372 | D        | Killed an ogre
   373 | D        | Reached skill level 5 in Armour
   373 | D        | Reached XP level 3. HP: 34/39 MP: 2/2
   373 | D        | Reached XP level 4. HP: 41/47 MP: 3/3
   505 | D        | Noticed Sigmund
   510 | D        | Killed Sigmund
   510 | D        | Reached ** piety under Trog
   511 | D        | Reached skill level 5 in Dodging
   511 | D        | Reached XP level 5. HP: 57/57 MP: 4/4
   770 | D        | Found a burning altar of Makhleb.
   770 | D        | Found a viscous altar of Jiyva.
   770 | D        | Found a shimmering altar of Xom.
   770 | D        | Found a corrupted altar of Lugonu.
   770 | D        | Noticed a slime creature
   778 | D        | Killed a slime creature
   779 | D        | Reached skill level 10 in Fighting
   779 | D        | Reached skill level 10 in Axes
   779 | D        | Reached XP level 6. HP: 63/67 MP: 5/5
   932 | D        | Noticed a kobold demonologist
   932 | D        | Noticed a floating eye
   933 | D        | Noticed a kobold demonologist
   934 | D        | Paralysed by a floating eye for 2 turns
   936 | D        | Noticed a sun demon
   936 | D        | Killed a floating eye
   937 | D        | Reached XP level 7. HP: 74/74 MP: 6/6
   938 | D        | Noticed a sixfirhy
   944 | D        | Killed a kobold demonologist
   953 | D        | HP: 3/77 [kobold demonologist/+1 dagger of venom (3)]
   957 | D        | Killed a kobold demonologist
   957 | D        | Reached *** piety under Trog
   958 | D        | Reached XP level 8. HP: 6/85 MP: 7/7
   958 | D        | HP: 1/85 [poisoned by a kobold demonologist]
   959 | D        | Quit the game

Illustrated notes

Levels and vault maps discovered:
D:        dungeon_sprint_1 [red_sonja_temple_1, red_sonja_temple_small_1]

Skill      XL: |  1  2  3  4  5  6  7 |
---------------+----------------------+-----
Fighting       | 5 7 9 10 11 12 | 12.7
Axes           | 5 7 9 10 11 12 | 12.7
Armour         | 3 5 6 7 8 |  8.9
Dodging        | 3 4 5 6 7 8 |  8.1

Action                   |  1- 3 |  4- 6 |  7- 9 || total
-------------------------+-------+-------+-------++-------
Melee: Hand axe          |    11 |    10 |    18 ||    39
       Headbutt          |       |     3 |     5 ||     8
Invok: Berserk           |     2 |     3 |       ||     5
       Trog's Hand       |       |       |     1 ||     1
  Use: Potion            |       |       |     2 ||     2
Dodge: Dodged            |     4 |     2 |     4 ||    10
